 Dungeon Crawl Stone Soup version 0.32-a0-460-gc8eefc90e7 (webtiles) character file.

Game seed: 1867211263366993779

83 CrazyBamboolord the Digger (level 4, -2/32 HPs)
             Began as a Demonspawn Earth Elementalist on Feb 24, 2024.
             Slain by Terence
             ... wielding a +0 hand axe
              (8 damage)
             ... on level 3 of the Dungeon.
             The game lasted 00:06:11 (2351 turns).

CrazyBamboolord the Digger (DsEE)                   Turns: 2351, Time: 00:06:11

Health: -2/32      AC:  2    Str:  9    XL:     4   Next: 22%
Magic:  6/8        EV: 12    Int: 17    God:
Gold:   38         SH:  0    Dex: 13    Spells: 4/8 levels left

rFire   . . .        c - +0 short sword
rCold   . . .        (no shield)
rNeg    . . .        a - +0 robe
rPois   .            (no helmet)
rElec   .            (no cloak)
rCorr   .            (no gloves)
SInv    .            (no boots)
Will    .....        (no amulet)
Stlth   ++           (no ring)
HPRegen 0.25/turn    (no ring)
MPRegen 0.11/turn

%: no passive effects
@: no status effects
A: claws 1, powered by pain 1
a: no special abilities


You were on level 3 of the Dungeon.
You visited 1 branch of the dungeon, and saw 3 of its levels.

You collected 38 gold pieces.

Inventory:

Hand Weapons
 c - a +0 short sword (weapon)
Missiles
 m - 3 atropa-tipped darts
Armour
 a - a +0 robe (worn)
Jewellery
 j - a ring of see invisible
Scrolls
 d - 2 scrolls of identify
 f - a scroll of amnesia {unknown}
 h - a scroll of summoning {unknown}
 k - a scroll of enchant weapon {unknown}
 l - a scroll of fear {unknown}
Potions
 b - a potion of magic
 e - a potion of curing
 g - a potion of berserk rage {unknown}
 i - a potion of enlightenment {unknown}


   Skills:
 + Level 1.2 Fighting
 + Level 2.1 Dodging
 + Level 2.2 Stealth
 * Level 2.7 Spellcasting
 * Level 1.9 Conjurations
 * Level 3.2 Earth Magic


You had 4 spell levels left.
You knew the following spells:

 Your Spells              Type           Power      Damage    Failure   Level
a - Sandblast             Erth           26%        2d8       4%          1
b - Stone Arrow           Conj/Erth      20%        3d8       19%         3

Your spell library contained the following spells:

 Spells                   Type           Power      Damage    Failure   Level
 Passwall                 Erth           13%        N/A       14%         3
 Brom's Barrelling Bould  Conj/Erth      10%        2d3       54%         4
 Petrify                  Alch/Erth      7%         N/A       67%         4


Dungeon Overview and Level Annotations

Branches:
Dungeon (3/15)

Altars:

Shops:
D:1 *

Annotations:
D:3 Terence


Innate Abilities, Weirdness & Mutations

You have sharp fingernails.
You sometimes gain a little power by taking damage.


Message History

Aiming: Sandblast (safe; 4% risk of failure)
Press: ? - help, Q - select action, (/) - cycle Shift-Dir - straight line, f/p - Terence
Aim: Terence, wielding a +0 hand axe and wearing a +0 chain mail (lightly wounded, 87% to hit)
The blast of sand hits Terence but does no damage.
Terence is lightly wounded.
Terence closely misses you.
Aiming: Sandblast (safe; 4% risk of failure)
Press: ? - help, Q - select action, (/) - cycle Shift-Dir - straight line, f/p - Terence
Aim: Terence, wielding a +0 hand axe and wearing a +0 chain mail (lightly wounded, 87% to hit)
The blast of sand hits Terence but does no damage.
Terence is lightly wounded.
Terence hits you with a +0 hand axe.
* * * LOW HITPOINT WARNING * * *
Terence hits you with a +0 hand axe!
* * * LOW HITPOINT WARNING * * *
Okay, then.
You feel better. Terence closely misses you.
You feel better. Terence barely misses you. Magic courses through your body.
Terence closely misses you.
Your magical contamination has completely faded away.
Casting: Sandblast (safe; 4% risk of failure)
Confirm with . or Enter, or press ? or * to list all spells.
Okay, then.
Unknown command.
Aiming: Sandblast (safe; 4% risk of failure)
Press: ? - help, Q - select action, (/) - cycle Shift-Dir - straight line, f/p - Terence
Aim: Terence, wielding a +0 hand axe and wearing a +0 chain mail (lightly wounded, 87% to hit)
The blast of sand hits Terence but does no damage.
Terence is lightly wounded.
Terence hits you with a +0 hand axe.
Aiming: Sandblast (safe; 4% risk of failure)
Press: ? - help, Q - select action, (/) - cycle Shift-Dir - straight line, f/p - Terence
Aim: Terence, wielding a +0 hand axe and wearing a +0 chain mail (lightly wounded, 87% to hit)
The blast of sand hits Terence.
Terence is moderately wounded.
Terence hits you with a +0 hand axe.
* * * LOW HITPOINT WARNING * * *
Terence hits you with a +0 hand axe!
You die...
Terence says, "That felt goooood."

.#.#.#####.#.####..........
.#.....†......# #..........
#####.####....# #..........
.......†......###..........
......######...............
####### #..........#####
########..........#
#.....##.........>#
#...........@.....#
#.....##.....@....#
#.....#...........#
#####.#...........#
#.#...........#
#.#.#...#.##### #.#.#####.#
#########.#. .# ..........#


You could see Terence.

Vanquished Creatures
  Jessica (D:2)
  2 adders (D:2)
  A dart slug (D:1)
  An orc (D:3)
  3 endoplasms
  3 giant cockroaches
  4 goblins
  4 hobgoblins
  2 kobolds
  6 ball pythons
  4 bats
  A frilled lizard (D:2)
  A rat (D:2)
33 creatures vanquished.

Notes
Turn   | Place    | Note
-------+----------+-------------------------------------------
     0 | D:1      | CrazyBamboolord the Demonspawn Earth Elementalist began the
                  | quest for the Orb.
     0 | D:1      | Reached XP level 1. HP: 13/13 MP: 3/3
   409 | D:1      | Found Acueptana's Assorted Antiques.
   429 | D:1      | Found a faded altar of an unknown god.
   936 | D:1      | Gained mutation: You have sharp fingernails. [demonic
                  | ancestry]
   936 | D:1      | Reached XP level 2. HP: 17/19 MP: 1/5
  1064 | D:2      | Noticed Jessica
  1069 | D:2      | Killed Jessica
  1070 | D:2      | Reached skill level 3 in Earth Magic
  1070 | D:2      | Gained mutation: You sometimes gain a little power by
                  | taking damage. [demonic ancestry]
  1070 | D:2      | Reached XP level 3. HP: 5/25 MP: 1/6
  1170 | D:1      | Learned a level 3 spell: Stone Arrow
  1588 | D:2      | Reached skill level 1 in Fighting
  1706 | D:2      | Reached XP level 4. HP: 32/32 MP: 4/7
  2336 | D:3      | Noticed Terence
  2346 | D:3      | HP: 1/32 [Terence/+0 hand axe (7)]
  2351 | D:3      | Slain by Terence

Illustrated notes

Levels and vault maps discovered:
D:1:      amcnicky_arrival_single_pillar, layout_basic, serial_aquarium,
          aquarium_bridge_square [aquarium_subvault_bridge,
          aquarium_subvault_window, aquarium_subvault_wall,
          aquarium_subvault_window], aquarium_bridge_straight
          [aquarium_subvault_bridge, aquarium_subvault_window,
          aquarium_subvault_bridge, aquarium_subvault_wall], aquarium_window_3,
          aquarium_window_fake, aquarium_view_2c, aquarium_view_2d,
          aquarium_pool_side, shapermc_ecumenical_altar_mp_highgroup,
          serial_shops, shop
D:2:      layout_basic, uniq_jessica
D:3:      layout_basic, uniq_terence

Skill      XL: |  1  2  3 |
---------------+----------+-----
Dodging        | 2 |  2.1
Stealth        | 2 |  2.2
Earth Magic    | 3 |  3.2
Fighting       | 1 |  1.2
Spellcasting   | |  2.7
Conjurations   | |  1.9

Action                     |  1- 3 |  4- 6 || total
---------------------------+-------+-------++-------
   Cast: Sandblast         |    30 |    19 ||    49
    Use: Scroll            |     1 |       ||     1
         Potion            |       |     3 ||     3
 Armour: Robe              |     8 |     8 ||    16
  Dodge: Dodged            |    13 |     9 ||    22

Table legend: (Time is in decaauts)
 A = Elapsed time spent in this place.
 B = Non-inter-level travel time spent in this place.
 C = Inter-level travel time spent in this place.
 D = Time resting spent in this place.
 E = Time spent auto-exploring this place.
 F = Levels seen in this place.
 G = Mean time per level.
                   A        B        C        D        E       F      G
               +--------+--------+--------+--------+--------+-----+--------+
         Total |   2375 |   2280 |     95 |     87 |   1967 |   3 |  791.7 |
       Dungeon |   2375 |   2280 |     95 |     87 |   1967 |   3 |  791.7 |
               +--------+--------+--------+--------+--------+-----+--------+

Top non-repeatable levels by time:
     D:1: 1157 daAuts
     D:2: 1016 daAuts
     D:3: 201 daAuts
